 Dungeon Crawl Stone Soup version 0.29.1-1-gd02db6906a (webtiles) character file.

Game seed: 4684461770563031674

10 xian the Sneak (level 2, 0/19 HPs)
             Began as a Kobold Delver on Sept 21, 2022.
             Slain by an adder (2 damage)
             ... on level 3 of the Dungeon.
             The game lasted 00:02:32 (630 turns).

xian the Sneak (Kobold Delver)                       Turns: 630, Time: 00:02:32

Health: 0/19       AC:  3    Str:  9    XL:     2   Next: 30%
Magic:  2/2        EV: 14    Int: 11    God:
Gold:   0          SH:  0    Dex: 16    Spells: 1/1 levels left

rFire   . . .      SeeInvis .   a - +0 short sword
rCold   + . .      Faith    .   (no shield)
rNeg    . . .      Spirit   .   b - +0 leather armour
rPois   .          Reflect  .   (no helmet)
rElec   .          Harm     .   (no cloak)
rCorr   .          Rampage  .   (no gloves)
Will    .....                   (no boots)
Stlth   ++++......              (no amulet)
HPRegen 0.06/turn               j - ring of protection from cold
MPRegen 0.08/turn               (no ring)

@: no status effects
A: small, no large weapons, nightstalker 3
a: no special abilities


You were on level 3 of the Dungeon.
You visited 1 branch of the dungeon, and saw 3 of its levels.

Inventory:

Hand Weapons
 a - a +0 short sword (weapon)
Armour
 b - a +0 leather armour (worn)
Jewellery
 j - a ring of protection from cold (left hand)
Wands
 g - a wand of digging (3)
Scrolls
 d - a scroll of magic mapping
 e - 3 scrolls of identify {unknown}
 i - a scroll of poison {unknown}
Potions
 f - a potion of haste
 h - 2 potions of curing {unknown}


   Skills:
 + Level 3.3 Fighting
 * Level 2.8 Short Blades
 - Level 0.1 Armour
 + Level 2.5 Dodging
 + Level 7.0 Stealth


You had one spell level left.
You didn't know any spells.
Your spell library was empty.

Dungeon Overview and Level Annotations

Branches:
Dungeon (5/15)
 Temple: D:4-7

Altars:


Innate Abilities, Weirdness & Mutations

You are small and have problems with some larger weapons.
You are completely attuned to the shadows.


Message History

The endoplasm is lightly wounded.
You feel sick. The adder bites you. The endoplasm closely misses you.
The adder closely misses you.
You hit the endoplasm.
The endoplasm is almost dead.
You feel sick. The endoplasm freezes you.
You are frozen.
You resist. The adder barely misses you.
You hit the endoplasm but do no damage.
The endoplasm is almost dead.
You feel sick. The adder barely misses you. The endoplasm freezes you.
You are frozen.
You resist.
* * * LOW HITPOINT WARNING * * *
You hit the endoplasm.
You kill the endoplasm!
You feel sick.
You are no longer poisoned.
The adder closely misses you. x2
Found a scroll labelled JAYFAT ROA and a purple potion.
As you read the scroll of fog, it crumbles to dust.
The scroll dissolves into smoke.
The adder closely misses you. The adder bites you but does no damage.
The adder closely misses you.
You see here a purple potion.
You hit the adder but do no damage.
The adder is lightly wounded.
The adder barely misses you.
You miss the adder. The adder closely misses you. The adder misses you.
You miss the adder. The adder bites you but does no damage.
You hit the adder.
The adder is lightly wounded.
The adder bites you but does no damage.
You hit the adder.
The adder is moderately wounded.
The adder bites you but does no damage. The adder bites you.
* * * LOW HITPOINT WARNING * * *
You barely miss the adder.
The adder is moderately wounded.
The adder bites you.
You die...

.. .##
..#§..
§§§§#
§§§§#
.§§@#
#§§S#####.
#§§§§§§...
###§#####.
#§# #. #.


You could see an adder.

Vanquished Creatures
  A worm (D:4)
  3 endoplasms
  A hobgoblin (D:4)
  2 ball pythons (D:4)
7 creatures vanquished.

Notes
Turn   | Place    | Note
-------+----------+-------------------------------------------
     0 | D:5      | xian the Kobold Delver began the quest for the Orb.
     0 | D:5      | Reached XP level 1. HP: 14/14 MP: 1/1
    34 | D:5      | Noticed an iguana
    42 | D:5      | Noticed an orc wizard
    42 | D:5      | Noticed an orc wizard
   466 | D:4      | Reached skill level 7 in Stealth
   466 | D:4      | Reached XP level 2. HP: 17/19 MP: 2/2
   612 | D:4      | Noticed a scorpion
   630 | D:3      | Slain by an adder

Illustrated notes

Levels and vault maps discovered:
D:3:      layout_basic, kennysheep_slug_shrine,
          nicolae_overflow_ecumenical_swirl, serial_shops, nicolae_square_shop
D:4:      layout_cave_pools, nicolae_dithmenos_through_a_glass_darkly
D:5:      layout_loops_ring, serial_shops, shop, hellmonk_ghost_happy_afterlife,
          uniq_blork_the_orc, uniq_menkaure, uniq_crazy_yiuf_cottage

Skill      XL: |  1 |
---------------+----+-----
Stealth        | 7 |  7.0
Fighting       | |  3.3
Short Blades   | |  2.8
Armour         | |  0.1
Dodging        | |  2.5

Action                   || total
-------------------------++-------
Melee: Short sword       ||    37
  Use: Scroll            ||     2
 Stab: Distracted        ||     1
       Sleeping          ||     1
Armor: Leather armour    ||     6
Dodge: Dodged            ||    31
